 Dungeon Crawl Stone Soup version 0.29.1-1-gd02db6906a (webtiles) character file.

Game seed: 11893602504251703309

38 mtoz the Shield-Bearer (level 3, -1/18 (23) HPs)
             Began as a Gargoyle Fighter on Sept 26, 2022.
             Slain by an iguana (6 damage)
             ... on level 2 of the Dungeon.
             The game lasted 00:03:26 (1159 turns).

mtoz the Shield-Bearer (Gargoyle Fighter)           Turns: 1159, Time: 00:03:26

HP:   -1/18 (23)    AC: 10    Str: 21    XL:     3   Next: 43%
MP:   3/3           EV:  9    Int:  8    God:
Gold: 33            SH:  4    Dex:  9    Spells: 2/2 levels left

rFire   . . .      SeeInvis .   a - +0 war axe
rCold   . . .      Faith    .   c - +0 buckler
rNeg    + . .      Spirit   .   b - +0 scale mail
rPois   ∞          Reflect  .   (no helmet)
rElec   +          Harm     .   (no cloak)
rCorr   .          Rampage  .   (no gloves)
Will    .....                   (no boots)
Stlth   ..........              (no amulet)
HPRegen 0.06/turn               (no ring)
MPRegen 0.08/turn               (no ring)

@: heavily drained
A: sickness immunity, AC +3, negative energy resistance 1, electricity
resistance, torment resistance 1, petrification resistance
a: no special abilities


You were on level 2 of the Dungeon.
You visited 1 branch of the dungeon, and saw 2 of its levels.

You collected 33 gold pieces.

Inventory:

Hand Weapons
 a - a +0 war axe (weapon)
Missiles
 h - 9 stones (quivered)
Armour
 b - a +0 scale mail (worn)
 c - a +0 buckler (worn)
 j - the +1 leather armour of Hualel {Drain rElec rF++}
   (You found it on level 2 of the Dungeon)

   rF:        It greatly protects you from fire.
   rElec:     It insulates you from electricity.
   Drain:     It drains your maximum health when unequipped.
Scrolls
 f - a scroll of noise {unknown}
 g - a scroll of identify {unknown}
 k - a scroll of teleportation {unknown}
 l - a scroll of summoning {unknown}
Potions
 d - a potion of might
 e - 2 potions of curing {unknown}
 i - a potion of invisibility {unknown}


   Skills:
 + Level 3.5 Fighting
 + Level 2.0 Axes
 + Level 0.8 Throwing
 + Level 3.5 Armour
 + Level 0.5 Dodging
 + Level 3.5 Shields
 + Level 0.5 Evocations


You had 2 spell levels left.
You didn't know any spells.
Your spell library was empty.

Dungeon Overview and Level Annotations

Branches:
Dungeon (2/15)

Altars:


Innate Abilities, Weirdness & Mutations

You are immune to sickness and miasma.
Your stone body is resilient. (AC +3)
You are immune to poison.
You resist negative energy. (rN+)
You are resistant to electric shocks. (rElec)
You are resistant to unholy torment.
You are immune to petrification.


Message History

You kill the hobgoblin!
A bat comes into view.
The bat moves out of view.
A bat is nearby!
Found a stone staircase leading down.
The bat barely misses you. The bat hits you but does no damage.
The bat barely misses you.
You closely miss the bat. The bat closely misses you. x2
You closely miss the bat. The bat hits you but does no damage.
The bat hits you.
You hit the bat.
You kill the bat!
No target in view!
No target in view!
An iguana comes into view.
The iguana hisses angrily.
You barely miss the iguana. You block the iguana's attack. x2
You hit the iguana but do no damage.
The iguana bites you but does no damage.
You slash the iguana!
The iguana is heavily wounded.
The iguana bites you. The iguana closely misses you.
You are too injured to fight recklessly!
You are too injured to fight recklessly!
You are too injured to fight recklessly!
You are too injured to fight recklessly!
You are too injured to fight recklessly!
You hit the iguana.
The iguana is almost dead.
The iguana bites you.
* * * LOW HITPOINT WARNING * * *
You hit the iguana but do no damage.
The iguana is almost dead.
The iguana bites you.
* * * LOW HITPOINT WARNING * * *
You barely miss the iguana.
The iguana is almost dead.
The iguana hisses menacingly.
The iguana bites you.
You die...

##.### .> #....# ...
## #.#.. ... #..
...## #.. .^#
#..###.# #..#...#.#
#.#.#..####.#
.#..#......†....#
.......@##.####.#
......#l##...##.####
##..###.##..........
##. #.####.##.#### #
#.# #.##.# #.#
#.##.# ..# #.##.#
#.# #.##.########
#..# #.##.........


You could see an iguana.

Vanquished Creatures
  A worm (D:2)
  2 dart slugs
  2 bats
  An endoplasm (D:1)
  2 giant cockroaches (D:1)
  2 goblins
  6 hobgoblins
  2 quokkas (D:1)
  3 ball pythons (D:1)
  5 kobolds (D:1)
  2 rats (D:1)
28 creatures vanquished.

Notes
Turn   | Place    | Note
-------+----------+-------------------------------------------
     0 | D:1      | mtoz the Gargoyle Fighter began the quest for the Orb.
     0 | D:1      | Reached XP level 1. HP: 14/14 MP: 1/1
   199 | D:1      | Found a faded altar of an unknown god.
   204 | D:1      | Reached XP level 2. HP: 19/19 MP: 2/2
   536 | D:1      | Reached XP level 3. HP: 22/23 MP: 3/3
   981 | D:2      | Identified the +1 leather armour of Hualel {Drain rElec
                  | rF++}
  1016 | D:2      | Identified the +4 dagger of Buuron {vorpal, rElec rF+
                  | Str+4}
  1159 | D:2      | Slain by an iguana

Illustrated notes

Levels and vault maps discovered:
D:1:      beargit_arrival_diablo_church, layout_basic,
          hellmonk_ecumenical_altar_blasted
D:2:      layout_loops_ring

Skill      XL: |  1  2 |
---------------+-------+-----
Axes           | 2 |  2.0
Fighting       | |  3.5
Throwing       | |  0.8
Armour         | |  3.5
Dodging        | |  0.5
Shields        | |  3.5
Evocations     | |  0.5

Action                   || total
-------------------------++-------
Melee: War axe           ||    75
Throw: Stone             ||     1
Armor: Scale mail        ||    40
Dodge: Dodged            ||    34
Block: Buckler           ||    15
